Cogmind - Beta 9.6 @@@ ROGUE MODE // 2020.08.03 @ 18:17:48 Player: Phillammon Result: Destroyed by S-10 Pest with Light Assault Rifle Performance ------------- Evolutions (0) 0 Regions Visited (1) 200 Robots Destroyed (14) 70 Value Destroyed (358) 358 Prototype IDs (1) 20 Alien Tech Used (0) 0 Bonus (0) 0 TOTAL SCORE: 648 Bonus ------- None Cogmind --------- Core Integrity 0/250 Matter 276/300 Energy 60/100 System Corruption 0% Temperature Cool (0) Movement Core (200) Ox3 Location -10/Materials Parts ------- > --- POWER (1) -------- (None) > --- PROPULSION (2) --- (None) > --- UTILITY (2) ------ Medium Storage Unit > --- WEAPON (2) ------- Assault Rifle Light Assault Rifle > --- INVENTORY (8) ---- Ion Engine Light Nuclear Core Small Storage Unit Utility Shielding EM Pulse Gun Peak State ------------ > --- POWER ------------ Ion Engine > --- PROPULSION ------- Wheel Compact Wheel > --- UTILITY ---------- Small Storage Unit Medium Storage Unit > --- WEAPON ----------- Advanced Beam Cannon Advanced Beam Cannon > --- INVENTORY -------- Heat Sink EM Pulse Gun Small Laser Advanced Beam Cannon Advanced Beam Cannon Assault Rifle [Rating: 12] Favorites ----------- Power Ion Engine Engine Ion Engine Power Core Light Nuclear Core Propulsion Wheel Leg Aluminum Leg Wheel Wheel Utility Medium Storage Unit Device Heat Sink Storage Medium Storage Unit Weapon Advanced Beam Cannon Energy Gun EM Pulse Gun Energy Cannon Advanced Beam Cannon Ballistic Gun Assault Rifle Build | -11 -10 ------- Run | Scr Mat Slots Evolved . | . . Power . | . . Propulsion . | . . Utility . | . . Weapon . | . . Parts Attached 15 | 2 13 Power 1 | . 1 Engine . | . . Core 1 | . 1 Reactor . | . . Propulsion 3 | 2 1 Treads . | . . Leg . | . . Wheel 3 | 2 1 Hover . | . . Flight . | . . Utility 2 | . 2 Device 1 | . 1 Storage 1 | . 1 Processor . | . . Hackware . | . . Protection . | . . Artifact . | . . Weapon 9 | . 9 Energy Gun 2 | . 2 Energy Cannon 5 | . 5 Ballistic Gun 2 | . 2 Ballistic Cannon . | . . Launcher . | . . Special Weapon . | . . Impact Weapon . | . . Slashing Weapon . | . . Piercing Weapon . | . . Special Melee Weapon . | . . Unidentified Prototypes 1 | . 1 Parts Lost 11 | . 11 Power 2 | . 2 Propulsion 3 | . 3 Utility 1 | . 1 Weapon 5 | . 5 Highest Loss Streak 8 | . 8 Average Slot Usage (%) 80 | . 80 Engine 6 | . 6 Core 6 | . 6 Wheel 14 | . 14 Device 6 | . 6 Storage 19 | . 19 Energy Gun 11 | . 11 Energy Cannon 12 | . 12 Ballistic Gun 1 | . 1 Naked Turns . | . . Heaviest Build 25 | 13 25 Greatest Support 26 | 26 26 Greatest Overweight (x) 5 | . 5 Average Overweight (x) 1 | . 1 Largest Inventory Capacity 10 | 6 10 Average Capacity 8 | 6 8 Most Carried 8 | 6 8 Average Carried 5 | 4 5 Final Capacity 8 | 6 8 Final Carried 5 | 1 5 Class Distribution -------------------- 100% | Mutant Dominant Class ---------------- Mutant | -10/Materials Resources | -11 -10 ----------- Run | Scr Mat Matter Collected 305 | 220 85 Remotely . | . . Salvage Created 524 | . 524 Parts 36 | . 36 Haulers Intercepted . | . . Recyclers Shooed . | . . Parts Field Recycled . | . . Retrieved Matter . | . . Parts Self-Destructed . | . . Prevented . | . . Kills | -11 -10 ------- Run | Scr Mat Combat Hostiles Destroyed 10 | . 10 Guns 3 | . 3 Cannons 7 | . 7 Classes Destroyed 5 | . 5 Worker 1 | . 1 Builder 2 | . 2 Watcher 1 | . 1 Swarmer 2 | . 2 Grunt 8 | . 8 Best Kill Streak 4 | . 4 Combat Bots Only 4 | . 4 Max Kills in Single Turn 1 | . 1 Gunslinging . | . . Exploded . | . . Melee . | . . Uniques/NPCs Destroyed . | . . Combat | -11 -10 -------- Run | Scr Mat Damage Taken 883 | . 883 Core 255 | . 255 Absorbed by Shields . | . . Core Remaining (%) 100 | 100 . Volleys Fired 29 | . 29 Largest 2 | . 2 Hottest 136 | . 136 Shots Fired 54 | . 54 Gun 22 | . 22 Cannon 32 | . 32 Launcher . | . . Special . | . . Kinetic 2 | . 2 Thermal 41 | . 41 Explosive . | . . Electromagnetic 11 | . 11 Robot Hit Streak 11 | . 11 Robot Miss Streak 2 | . 2 Penetration Max . | . . Secondary Targets 1 | . 1 Max Gunslinging Chain 1 | . 1 Shots Hit Robots 38 | . 38 Core Hits 17 | . 17 Critical Hits 4 | . 4 Critical Kills 4 | . 4 Critical Parts Destroyed . | . . Melee Attacks . | . . Impact . | . . Slashing . | . . Piercing . | . . Sneak Attacks . | . . Combat Hostiles . | . . Follow-up Attacks . | . . Damage Inflicted 618 | . 618 Guns 251 | . 251 Cannons 367 | . 367 Explosions . | . . Melee . | . . Ramming . | . . Kinetic 19 | . 19 Thermal 446 | . 446 Explosive . | . . Electromagnetic 153 | . 153 Impact . | . . Slashing . | . . Piercing . | . . Highest Corruption . | . . Average Corruption . | . . Corruption Purged . | . . Overload Shots . | . . Overflow Damage . | . . Projectiles . | . . Explosions . | . . Melee . | . . Knockbacks . | . . Impact . | . . Kinetic . | . . Secondary . | . . Self-Inflicted Damage . | . . Shots . | . . Rammed . | . . Targets Rammed . | . . Kicked . | . . Crushed . | . . Highest Temperature 581 | . 581 Average Temperature 196 | . 196 Received Heat Transfer 375 | . 375 Effects 13 | . 13 Shutdowns 1 | . 1 Energy Bleed 2 | . 2 Interference 1 | . 1 Matter Decay 2 | . 2 Damage (minor) 1 | . 1 Damage (major) 6 | . 6 Siege Activations . | . . Robots Corrupted . | . . Combat Hostiles . | . . Parts Fried 2 | . 2 Impact Corruptions . | . . Robots Melted . | . . Combat Hostiles . | . . Parts Melted 4 | . 4 Heat Transferred 841 | . 841 Parts Sabotaged . | . . Parts Stolen . | . . Parts Stripped . | . . Power Chain Reactions . | . . Missiles Intercepted . | . . Alert | -11 -10 ------- Run | Scr Mat Peak Influence 185 | . 185 Average Influence 87 | . 88 Maximum Alert Level . | . . Low Security (%) 100 | 100 100 Level 1 . | . . Level 2 . | . . Level 3 . | . . Level 4 . | . . Level 5 . | . . High Security . | . . Max Security . | . . Squads Dispatched 2 | . 2 Investigation . | . . Extermination . | . . Reinforcement 2 | . 2 Assault . | . . Garrison . | . . Intercept . | . . Construction Impeded . | . . Haulers Reinforced . | . . Stealth | -11 -10 --------- Run | Scr Mat Distress Signals 3 | . 3 Communications Jammed . | . . Distress Signals . | . . Times Spotted 22 | . 22 Peak Tracking Total 6 | . 6 Tactical Retreats . | . . Traps | -11 -10 ------- Run | Scr Mat Traps Triggered 1 | . 1 Indirectly . | . . Trap Hack Attempts . | . . Triggered . | . . Disarmed . | . . Reprogrammed . | . . Reused . | . . Traps Extracted . | . . Installed . | . . Triggered . | . . Machines | -11 -10 ---------- Run | Scr Mat Machines Disabled . | . . Max in Single Turn . | . . Machines Sabotaged . | . . Garrisons Compromised . | . . Overloaded Fab Kills . | . . Fab Network Shutdowns . | . . Hacking | -11 -10 --------- Run | Scr Mat Machines Accessed . | . . Terminals . | . . Fabricators . | . . Repair Stations . | . . Recycling Units . | . . Scanalyzers . | . . Garrison Access . | . . Total Hacks . | . . Successful . | . . Failed . | . . Catastrophic . | . . Database Lockouts . | . . Manual . | . . Terminals . | . . Fabricators . | . . Repair Stations . | . . Recycling Units . | . . Scanalyzers . | . . Garrison Access . | . . Terminal Hacks . | . . Fabricator Hacks . | . . Repair Station Hacks . | . . Recycling Unit Hacks . | . . Scanalyzer . | . . Garrison Access Hacks . | . . Unauthorized Hacks . | . . Terminals . | . . Fabricators . | . . Repair Stations . | . . Recycling Units . | . . Scanalyzers . | . . Garrison Access . | . . Data Cores Recovered . | . . Used . | . . Hacking Detections . | . . Full Trace Events . | . . Feedback Events . | . . Feedback Blocked . | . . Robot Schematics Acquired . | . . Robots Built . | . . Matter . | . . Time . | . . Total Robot Build Rating . | . . Part Schematics Acquired . | . . Parts Built . | . . Matter . | . . Time . | . . Total Part Build Rating . | . . Parts Repaired . | . . Time . | . . Parts Recycled . | . . Recycled Matter . | . . Retrieved Matter . | . . Retrieved Components . | . . Parts Scanalyzed . | . . Part Schematics Acquired . | . . Parts Damaged . | . . Bothacking | -11 -10 ------------ Run | Scr Mat Used RIF Installer . | . . Robots Hacked . | . . Non-combat . | . . Combat . | . . Robot Hacks Applied . | . . Relay Couplers Released . | . . Robots Rewired . | . . Allies Hacked . | . . Hacks Repelled . | . . Allies | -11 -10 -------- Run | Scr Mat Total Allies . | . . Largest Group . | . . Highest-Rated Group . | . . Highest-Rated Ally . | . . Total Orders . | . . Ally Attacks . | . . Total Damage . | . . Kills . | . . Allies Corrupted . | . . Allies Melted . | . . Intel | -11 -10 ------- Run | Scr Mat Robot Analysis Total . | . . Derelict Logs Recovered . | . . Drone Launches . | . . Drone Recoveries . | . . Exploration | -11 -10 ------------- Run | Scr Mat Turns Passed 480 | 8 472 Spaces Moved 267 | 3 264 Core 53 | . 53 Treads . | . . Legs 1 | 1 . Wheels 213 | 2 211 Hover . | . . Flight . | . . Fastest Speed 90 | 90 90 Average Speed 131 | 100 131 Slowest Speed 300 | 120 300 Overloaded Moves . | . . Propulsion Burnouts . | . . Robots Hopped . | . . Cave-ins Triggered . | . . Exploration Rate (%) 26 | 2 50 Regions Visited 1 Branch Regions . Pre-discovered Areas . | . . Known Exits Taken . | . . Unknown Exits Taken 1 | 1 . Scrap Searched . | . . Spaces Dug . | . . Terrain Destroyed . | . . Melee . | . . Projectile . | . . AOE . | . . Actions | -11 -10 --------- Run | Scr Mat Total 343 | 9 334 Wait 15 | . 15 Move 266 | 2 264 Hop . | . . Pick Up 13 | . 13 Fast Attach . | . . Attach 9 | . 9 Detach . | . . Swap 6 | 2 4 Drop 5 | 5 . Fire 29 | . 29 Melee . | . . Ram . | . . Kick . | . . Crush . | . . Escape Stasis . | . . Rewire . | . . Trap . | . . Miscellaneous . | . . Route ------- -11/Scrapyard -10/Materials History --------- Turn | Location | Event 1 | -11/Scrapyard | Discovered new exit (range 3) 9 | -11/Scrapyard | Entered Materials 249 | -10/Materials | Core integrity fell below 50% 307 | -10/Materials | Build established: Mutant 317 | -10/Materials | Lost 8 parts (1p3n4w) 463 | -10/Materials | Core integrity fell below 20% 481 | -10/Materials | Destroyed by S-10 Pest with Light Assault Rifle Last Messages --------------- 00374_ Acquired Utility Shielding. 00413_ R-06 Scavenger collects Heat Sink. 00415_ K-01 Serf collects debris. 00441_ K-01 Serf destroyed. 00447_ Acquired 15 matter. 00450_ W-16 Scout sends out distress signal. 00452_ R-06 Scavenger collects Aluminum Leg. 00456_ R-06 Scavenger collects Sml. Laser. 00459_ Signal Interpreter fried. 00459_ Visual Processing Unit fried. 00459_ W-16 Scout destroyed. 00460_ R-06 Scavenger collects Lgt. Ion Engine. 00462_ S-10 Pest destroyed. 00462_ Switching to secondary target: S-10 Pest. 00464_ R-06 Scavenger collects Sml. Matter Pod. 00469_ Sml. Laser destroyed. 00471_ Lgt. Nuclear Core destroyed. 00473_ S-10 Pest destroyed. 00476_ Heat Sink destroyed. 00477_ Acquired Lgt. Assault Rifle. Map ----- +----------------------------------------------------+ | | | ???????????????????????????????????????????? | | ???????????????????????????????????????????? | | ???????????????????????????????????????????? | | ???????????????????????????????????????????? | | ???????????????????????????????????????????? | | ???????????????????????########?????#####??? | | ???????????????????????# #???? #??? | | ???????????????????????#! "" ####? #??? | | ???????????????????????# T" # # #??? | | ???????????????????????# "" # # "T" #??? | | ???????????????????????# + + """ #??? | | ???????????????????????# # # #??? | | ???????????????????????###+#### ########??? | | ????????????????????????## ### # ?# | | ????????????????????????+ # """ # | | ????????????????????????#uw / """ # | | ????????????????????????# """ #""" """ # | | ????????????????????????# """ #"R # | | ????????????????????????# """ #""" # | | ????????????????????????# # ^ # | | ?????????? ############ ##+####??? | | ?????????? ## ##????? | | ???????????? % #????? | | ?????????????####### s=%= % #????? | | ?? ?????????????# [%%*@ ########/######? | | "" #????????????# %######?????# #? | | " #????????????# % #??????????# "" #? | | #????????????# %#??????????# "Y #? | | #????????????# !#??????????# "" ! #? | | #?????########%%[#??????????# #? | | #?????# !#??????????# #? | | !!!#?????# #??????????# #? | | !!!#?????# #??????????# """" #? | | !! #?????# +??????????# """" #? | | #?????# # ?????????# """" #? | | #?????# === = # ?????????# #? | | ####### === #?#????????###????##? | | ! == ??????????????? | | =% ?????????????? | | % ??????????????? | | #####+########## ?????????????? | | #??? ?????????? ?????????????? | | """ #??? ???????????? ??????????????? | | """ #????????????????? ??????????????? | | """ #?????????????????????????????????? | | #?????????????????????????????????? | | #?????????????????????????????????? | | #?????????????????????????????????? | | "T" #?######??????????????????????????? | +----------------------------------------------------+ Best States ------------- Heat Dissipation 35 Energy Generation 14 Energy Capacity 250 Matter Stores 300 Matter Capacity 300 Sight Range 16 Terrain Scan Density 10 Evasion (%) 42 Item Schematics ----------------- None Robot Schematics ------------------ None Fabricated ------------ Nothing Alien Tech Used ----------------- None Achievements -------------- None Challenges ------------ None Game ------ Seed WeaponSpreadBuckler Manual? 0 Play Time 00:05:28 Cumulative 31.7 hours Start 2020.08.03 @ 18:13:23 End 2020.08.03 @ 18:17:48 Sessions 1 Manual Loads 0 Difficulty Rogue Special Mode None Game No. 76 Rogue 76 Adventurer 0 Explorer 0 Win Type - Total 1 Types 1/0/0/0/0/0/0 Lore% 34 Gallery% 41 Achievement% 35 Wizard Run 0 Options --------- ASCII 0 Keyboard 0 Movement Mouse Keybinds 0 Fullscreen 1 Font 18/SmallcapsGlow Map View 76x50 Tactical HUD 1 Map Filters NONE Filters NONE Steam 0 RUN: 1a559579-1a4d-4d5f-b8bd-b0d13a8212d1